cohdb
Replays
Latest Replays
All Replays
Popular Replays
Top Player Replays
Match Explorer
How It Works
Community
CoH3 Stats
Reddit
Sign in to upload your games and track your stats! →
Sign in with Steam
Match 41445898
Unlisted
Match 41445898
Overview
Messages
Build Orders
End
Kradschützen Motorcycle Team
Panzerpioneer Squad
Panzerpioneer Squad
Selects Italian Infantry
Construct Light Support Kompanie
2.5-tonne Medical Truck
Selects Guastatori Squad
Fire Support Elements
Guastatori Squad
Pak 38 Anti-tank Gun Team
Selects Defensive Operations
Construct Panzerarmee Kommand
Selects Registered Artillery
Walking Stuka Rocket Launcher
Armored Reserves
Manueloski UwU
[~AJ~]Oberst
Zip Zap El Golp1sta
-=Thrawn=-
NuteGunray
TheLintyNavel
Umut (ÇekirdekliKavun)
Kiddo
0
0
Comments
sign in to comment!
No comments posted yet!